 Dungeon Crawl Stone Soup version 0.28.0-45-g0d030f2227 (webtiles) character file.

Game seed: 16175309678859670837

840 Bliebski the Ducker (level 7, 0/55 HPs)
             Began as a Demonspawn Gladiator on Apr 16, 2022.
             Was a Follower of Qazlal.
             Slain by an orc warrior
             ... wielding a +0 battleaxe
              (7 damage)
             ... on level 5 of the Dungeon.
             The game lasted 00:21:53 (8400 turns).

Bliebski the Ducker (Demonspawn Gladiator)          Turns: 8400, Time: 00:21:54

Health: 0/55       AC:  7    Str: 16    XL:     7   Next: 67%
Magic:  9/11       EV: 13    Int: 10    God:    Qazlal [*.....]
Gold:   202        SH:  1    Dex: 16    Spells: 9/11 levels left

rFire   . . .      SeeInvis .   p - +1 whip (vamp)
rCold   . . .      Faith    .   (no shield)
rNeg    . . .      Spirit   .   b - +0 leather armour
rPois   .          Reflect  .   c - +0 helmet
rElec   .          Harm     .   v - +2 cloak {Will+}
rCorr   .          Rampage  .   (no gloves)
Will    +....                   (no boots)
Stlth   ++........              r - amulet of magic regeneration
HPRegen 0.18/turn               (no ring)
MPRegen 0.52/turn               (no ring)

@: no status effects
A: thin skeletal structure 1, weakness stinger 1
a: Renounce Religion


You were on level 5 of the Dungeon.
You worshipped Qazlal.
Qazlal was aware of your devotion.
You visited 1 branch of the dungeon, and saw 6 of its levels.

You collected 202 gold pieces.

Inventory:

Hand Weapons
 a - a +1 rapier
 p - a +1 vampiric whip (weapon)
Missiles
 d - 3 throwing nets
 i - 67 stones (quivered)
 k - 18 bolts
 l - 4 boomerangs
 m - 22 sling bullets
Armour
 b - a +0 leather armour (worn)
 c - a +0 helmet (worn)
 v - a +2 cloak of willpower (worn)
Jewellery
 r - an amulet of magic regeneration (around neck)
 t - an amulet of faith
Wands
 j - a wand of charming (3)
 o - a wand of acid (10)
Scrolls
 n - a scroll of vulnerability
Potions
 g - a potion of lignification {unknown}
 h - a potion of attraction {unknown}
 q - a potion of curing {unknown}


   Skills:
 + Level 4.5 Fighting
 - Level 3.0 Short Blades
 - Level 2.0 Throwing
 + Level 4.6 Dodging
 + Level 2.9 Spellcasting
 + Level 3.3 Hexes
 + Level 2.9 Ice Magic


You had 9 spell levels left.
You knew the following spells:

 Your Spells              Type           Power      Damage    Failure   Level
a - Ensorcelled Hibernat  Hex/Ice        14%        N/A       14%         2

Your spell library contained the following spells:

 Spells                   Type           Power      Damage    Failure   Level
 Animate Skeleton         Necr           2%         N/A       34%         1
 Pain                     Necr           4%         1d4       34%         1
 Passwall                 Tmut/Erth      0%         N/A       47%         2
 Swiftness                Air            1%         N/A       71%         3
 Vampiric Draining        Necr           1%         2d6       71%         3


Dungeon Overview and Level Annotations

Branches:
Dungeon (6/15)
 Temple: D:4-7

Altars:
Okawaru
Qazlal
Vehumet

Annotations:
D:4 exclusions: downstairs and 1 more exclusion


Innate Abilities, Weirdness & Mutations

You have a somewhat thin skeletal structure. (Dex +2, Stealth+)
You have a small tail.


Message History

You hit the orc.
You feel better.
The orc is moderately wounded.
The orc hits you but does no damage.
You closely miss the orc.
Your tail-slap misses the orc.
The orc is moderately wounded.
The orc barely misses you.
You hit the orc.
The orc is heavily wounded.
The orc is engulfed in freezing vapours.
You kill the orc!
Qazlal accepts your kill.
No target in view!
You now have 202 gold pieces (gained 12).
Items here: )) [[ ††.
Items here: )) [[ †.
An orc warrior is nearby!
No target in view!
No target in view!
The orc warrior shouts!
You hit the orc warrior but do no damage.
The orc warrior closely misses you.
The orc warrior hits you with a +0 battleaxe!
You hit the orc warrior but do no damage.
The orc warrior hits you with a +0 battleaxe!
The orc warrior closely misses you.
You barely miss the orc warrior.
An orc comes into view. It is wielding a +0 club.
The orc warrior hits you with a +0 battleaxe!
You barely miss the orc warrior.
The orc shouts!
The orc warrior hits you with a +0 battleaxe!
* * * LOW HITPOINT WARNING * * *
Casting: Ensorcelled Hibernation (safe; 14% risk of failure)
Confirm with . or Enter, or press ? or * to list all spells.
Aiming: Ensorcelled Hibernation (safe; 14% risk of failure)
Press: ? - help, Shift-Dir - straight line, f - orc warrior
Aim: an orc warrior, wielding a +0 battleaxe, wearing a +0 chain mail and wearing a +6 ring of dexterity (chance to affect: 40%)
The orc warrior resists with some effort.
The orc warrior hits you with a +0 battleaxe!
You die...

##### #..#...........# #.#
....# #..#.########..# #.#
###.## #..#.# #..# #.#
##...###..#.###### #..# #.#
.................# #..###
#.# ##...####.#.####.#
#....# #.# ##.## #.#.# #.#
##.#.###.# #.#####.#.# #o#
#.#.##..# #.....#...# #@#
##.#.##.##
######.#...####o###....##.#
......................####.#
#######.#..#####...#.## #.#
..r...# ##..#.#####.#
###.##r# ####..#.......#
#..... ......#..######
#..#............#
#######..#####.#####.##


You could see an orc warrior and an orc.

Vanquished Creatures
  A water moccasin (D:5)
  A black bear (D:5)
  2 ogres (D:5)
  A scorpion (D:5)
  A water moccasin skeleton (D:4)
  A bullfrog zombie (D:5)
  A bullfrog skeleton (D:5)
  A gnoll shaman (D:4)
  An iguana (D:4)
  2 orc wizards (D:5)
  A hound skeleton (D:4)
  8 gnolls
  2 adders (D:4)
  An adder skeleton (D:4)
  3 worms
  3 dart slugs
  5 orcs
  2 bats (D:1)
  5 endoplasms
  3 giant cockroaches
  8 goblins
  3 hobgoblins
  9 jackals
  3 quokkas
  8 ball pythons
  A frilled lizard (D:1)
  3 kobolds (D:2)
  7 rats
87 creatures vanquished.

Vanquished Creatures (others)
  A fungus (D:1)
1 creature vanquished.

Grand Total: 88 creatures vanquished

Notes
Turn   | Place    | Note
-------+----------+-------------------------------------------
     0 | D:1      | Bliebski the Demonspawn Gladiator began the quest for the
                  | Orb.
     0 | D:1      | Reached XP level 1. HP: 16/16 MP: 1/1
     8 | D:1      | Found a faded altar of an unknown god.
   509 | D:1      | Gained mutation: You have a small tail. [demonic ancestry]
   509 | D:1      | Reached XP level 2. HP: 17/22 MP: 2/2
  1570 | D:2      | Reached XP level 3. HP: 23/28 MP: 3/3
  2181 | D:2      | Learned a level 2 spell: Ensorcelled Hibernation
  2857 | D:3      | Found a stormy altar of Qazlal.
  2857 | D:3      | Found an iron altar of Okawaru.
  2871 | D:3      | Found a faded altar of an unknown god.
  2873 | D:3      | Found a radiant altar of Vehumet.
  2874 | D:3      | Found a faded altar of an unknown god.
  2958 | D:3      | Became a worshipper of Qazlal Stormbringer
  3922 | D:4      | Reached XP level 4. HP: 19/35 MP: 4/4
  4030 | D:4      | Noticed a bullfrog
  4194 | D:4      | Reached skill level 1 in Hexes
  4463 | D:4      | HP: 1/35 [gnoll shaman/+0 club (7)]
  4478 | D:4      | HP: 1/35 [gnoll/+0 club (2)]
  4503 | D:5      | Entered Level 5 of the Dungeon
  4503 | D:5      | Noticed an ogre
  4534 | D:5      | Noticed a water moccasin
  4535 | D:5      | Noticed a water moccasin
  4572 | D:6      | Noticed an orc warrior
  4610 | D:6      | Noticed a phantom
  4754 | D:4      | Reached skill level 1 in Spellcasting
  4989 | D:5      | Reached skill level 1 in Ice Magic
  4989 | D:5      | Reached XP level 5. HP: 34/41 MP: 6/6
  5626 | D:3      | HP: 2/41 [gnoll/+0 club (4)]
  5977 | D:3      | Gained mutation: You have a somewhat thin skeletal
                  | structure. (Dex +2, Stealth+) [demonic ancestry]
  5977 | D:3      | Reached XP level 6. HP: 47/47 MP: 8/8
  6568 | D:3      | Reached * piety under Qazlal
  7232 | D:5      | Reached XP level 7. HP: 23/54 MP: 10/10
  7448 | D:5      | HP: 2/54 [water moccasin (4)]
  8400 | D:5      | Slain by an orc warrior

Illustrated notes

Levels and vault maps discovered:
D:1:      beargit_arrival_greenhouse, layout_loops_ring,
          ebering_ecumenical_altar_mist, dk_noncrumbling_3,
          chequers_mini_garden, minivault_25, minmay_shallow_snake_nest
D:2:      layout_loops_ring, nicolae_wormholes
D:3:      layout_basic, chequers_temple_overflow_minitemple,
          nicolae_elevator_lobby_plus
D:4:      layout_cave_pods, enter_ossuary_5
D:5:      layout_loops_ring, zin_academy
D:6:      layout_layer_cave, minmay_temple_entry_nine_rooms

Skill      XL: |  1  2  3  4  5  6  7 |
---------------+----------------------+-----
Throwing       | 2 |  2.0
Short Blades   | 3 |  3.0
Dodging        | 3 4 |  4.6
Fighting       | 3 4 |  4.5
Hexes          | 1 2 3 |  3.3
Spellcasting   | 1 2 |  2.9
Ice Magic      | 1 2 |  2.9

Action                   |  1- 3 |  4- 6 |  7- 9 || total
-------------------------+-------+-------+-------++-------
Melee: Rapier            |   156 |    72 |       ||   228
       Tailslap          |    18 |    25 |    13 ||    56
       Punch             |     5 |     2 |       ||     7
       Whip              |       |   107 |    87 ||   194
Throw: Stone             |     2 |     1 |       ||     3
       Throwing net      |     2 |       |       ||     2
 Cast: Ensorcelled Hiber |       |     1 |     4 ||     5
  Use: Scroll            |     6 |     2 |       ||     8
       Potion            |       |     1 |     3 ||     4
 Stab: Sleeping          |       |     3 |     2 ||     5
Armor: Leather armour    |    42 |    64 |    31 ||   137
Dodge: Dodged            |    96 |   152 |    68 ||   316
Block: Other             |       |       |     6 ||     6
